 Dungeon Crawl Stone Soup version 0.31-a0-150-g89dc3ad700 (webtiles) character file.

Game seed: 9103472146406127224

46 qw the Shooter (level 3, -3/31 HPs)
             Began as a Minotaur Hunter on June 8, 2023.
             Slain by Sigmund
             ... wielding a +0 scythe
              (7 damage)
             ... on level 2 of the Dungeon.
             The game lasted 00:00:19 (716 turns).

qw the Shooter (Minotaur Hunter)                     Turns: 716, Time: 00:00:20

Health: -3/31      AC:  3    Str: 15    XL:     3   Next: 46%
Magic:  2/2        EV: 12    Int:  6    God:
Gold:   40         SH:  0    Dex: 15    Spells: 2/2 levels left

rFire   . . .        Y - +0 shortbow
rCold   . . .        (shield currently unavailable)
rNeg    . . .        c - +0 leather armour
rPois   .            (helmet restricted)
rElec   .            (no cloak)
rCorr   .            (no gloves)
SInv    .            (no boots)
Will    .....        g - amulet of regeneration
Stlth   +            (no ring)
HPRegen 1.05/turn    (no ring)
MPRegen 0.08/turn

%: no passive effects
@: no status effects
A: horns 2, retaliatory headbutt
a: no special abilities


You were on level 2 of the Dungeon.
You visited 1 branch of the dungeon, and saw 2 of its levels.

You collected 40 gold pieces.


Innate Abilities, Weirdness & Mutations

You have a pair of horns on your head.
You reflexively headbutt those who attack you in melee.


   Skills:
 - Level 3.0 Fighting
 + Level 5.5 Ranged Weapons
 - Level 2.1 Dodging
 - Level 0.7 Stealth


You had 2 spell levels left.
You didn't know any spells.
Your spell library was empty.

Inventory:

Hand Weapons
 Y - a +0 shortbow (weapon)
Armour
 c - a +0 leather armour (worn)
Jewellery
 g - an amulet of regeneration (around neck)
Scrolls
 a - a scroll of enchant weapon {unknown}
 e - a scroll of identify
Potions
 f - a potion of ambrosia {unknown}
 i - a potion of curing {unknown}

Dungeon Overview and Level Annotations

Branches:
Dungeon (2/15)

Altars:

Shops:
D:1 ?

Annotations:
D:2 Sigmund


Message History

You shoot an arrow.
The arrow closely misses the giant cockroach.
The giant cockroach barely misses you.
You shoot an arrow. The arrow hits the giant cockroach.
You kill the giant cockroach!
Things that are here:
a +0 dagger; a giant cockroach corpse; a goblin corpse Sigmund and an adder come into view.
You shoot an arrow.
The arrow hits Sigmund but does no damage.
Sigmund shouts!
Sigmund mumbles some strange words.
Sigmund flickers and vanishes!
Deactivating autopickup; reactivate with Ctrl-A.
You shoot an arrow. The arrow barely misses the adder.
You shoot an arrow. The arrow closely misses the adder.
You shoot an arrow. The arrow misses the adder.
You shoot an arrow. The arrow barely misses the adder.
The adder bites you but does no damage.
A ball python comes into view.
The adder barely misses you.
You shoot an arrow. The arrow closely misses the adder.
The ball python hisses angrily.
The adder bites you. Something hits you!
You shoot an arrow. The arrow hits the adder.
The adder is moderately wounded.
The adder bites you.
You shoot an arrow. The arrow closely misses the adder.
The adder barely misses you. Something hits you! The adder closely misses you.
You shoot an arrow. The arrow hits the adder.
The adder is moderately wounded.
The adder barely misses you. Something hits you!
You shoot an arrow. The arrow closely misses the adder.
The adder barely misses you. You furiously retaliate!
You headbutt the adder!
You kill the adder!
The ball python closely misses you. The ball python misses you.
You shoot an arrow. The arrow hits the ball python!
You kill the ball python!
Something hits you!
You die...

.########.## #.#
...........# #.#
...........#
#.##########
.###.##.##.#
#..........# #
#.##.###############.#
#...#............ #.#
####.####)######. #.#
#.####.#### #.#
#.#...@...# #.#####
#.#...%...# #..%..#
#.#.....)..... #####.#
..........###. #.#
.........(.# #.#
............ #.#
...........## #.#
....#####.## #.# #.#


There were no monsters in sight!

Vanquished Creatures
  A gnoll (D:1)
  An adder (D:2)
  5 ball pythons
  2 endoplasms (D:1)
  2 giant cockroaches (D:2)
  3 jackals (D:1)
  2 quokkas (D:1)
  2 bats (D:1)
  A frilled lizard (D:1)
  3 goblins
  3 kobolds (D:1)
  3 rats
28 creatures vanquished.

Notes
Turn   | Place    | Note
-------+----------+-------------------------------------------
     0 | D:1      | qw the Minotaur Hunter began the quest for the Orb.
     0 | D:1      | Reached XP level 1. HP: 18/18 MP: 0/0
     0 | D:1      | 0 ||| qw: Version: 0.2-a-119-g0488c42
     0 | D:1      | 0 ||| qw: Game counter: 2705
     0 | D:1      | 0 ||| qw: Always use a shield: true
     0 | D:1      | 0 ||| qw: God list: Okawaru
     0 | D:1      | 0 ||| qw: Allow faded altars: false
     0 | D:1      | 0 ||| qw: Do Orc after D:15 true
     0 | D:1      | 0 ||| qw: Do second Lair branch before Depths: true
     0 | D:1      | 0 ||| qw: Lair rune preference: random
     0 | D:1      | 0 ||| qw: Plans: Normal
     0 | D:1      | 0 ||| PLANNING D:1-11
    45 | D:1      | HP: 4/18 [constriction (1)]
    46 | D:1      | Reached skill level 5 in Ranged Weapons
    46 | D:1      | Reached XP level 2. HP: 6/25 MP: 1/1
   220 | D:1      | Found a faded altar of an unknown god.
   266 | D:1      | Reached skill level 3 in Fighting
   369 | D:1      | Reached XP level 3. HP: 31/31 MP: 2/2
   430 | D:1      | Found Otewn's Magic Scroll Shoppe.
   433 | D:1      | 433 ||| SHOPLISTING scroll of enchant armour (97 gold, have
                  | 22).
   433 | D:1      | 433 ||| SHOPLISTING scroll of identify (26 gold, have 22).
   433 | D:1      | 433 ||| SHOPLISTING scroll of teleportation (39 gold, have
                  | 22).
   556 | D:1      | 556 ||| UPGRADING to amulet of regeneration.
   561 | D:1      | 561 ||| READING scroll labelled PAITOM KA KOCH.
   566 | D:1      | 566 ||| READING 2 scrolls labelled QIAFUCK ZOUMMIDED.
   567 | D:1      | 567 ||| READING scroll labelled YZIRA SIHAYXZO.
   568 | D:1      | 568 ||| READING scroll labelled EJURETHR BICUG.
   569 | D:1      | 569 ||| DROPPING scroll of butterflies.
   705 | D:2      | Noticed Sigmund
   714 | D:2      | HP: 2/31 [something (11)]
   716 | D:2      | Slain by Sigmund

Levels and vault maps discovered:
D:1:      enne_arrival_octagon_isle, layout_basic, serial_shops,
          nicolae_shop_tiny_real_fake_doors, ebering_ecumenical_altar_webs
D:2:      layout_loops_ring, kennysheep_generic_room_11, uniq_sigmund

Skill      XL: |  1  2 |
---------------+-------+-----
Ranged Weapons | 5 |  5.5
Fighting       | 3 |  3.0
Dodging        | |  2.1
Stealth        | |  0.7

Action                     || total
---------------------------++-------
   Fire: Shortbow          ||    80
    Use: Scroll            ||     4
 Armour: Leather armour    ||    13
  Dodge: Dodged            ||    34

Table legend:
 A = Non-vault XP
 B = Vault XP
 C = Vault XP percentage of total XP
 D = Non-vault monster count
 E = Vault monster count
 F = Vault count percentage of total count
                 A         B        C        D         E       F
            +---------+---------+-------+---------+---------+-------
      Total |      68 |       0 |   0.0 |      28 |       0 |   0.0
            +---------+---------+-------+---------+---------+-------
        D:1 |      46 |       0 |   0.0 |      21 |       0 |   0.0
        D:2 |      22 |       0 |   0.0 |       7 |       0 |   0.0
            +---------+---------+-------+---------+---------+-------
